 Dungeon Crawl Stone Soup version 0.22.0-38-g04b72b8c25 (webtiles) character file.

38 RaKsO24 the Slasher (level 3, -3/27 HPs)
             Began as a Demonspawn Gladiator on Aug 29, 2018.
             Killed from afar by an orc wizard (7 damage)
             ... with a puff of flame
             ... on level 3 of the Dungeon.
             The game lasted 00:04:14 (1487 turns).

RaKsO24 the Slasher (Demonspawn Gladiator)          Turns: 1487, Time: 00:04:15

Health: -3/27      AC:  4    Str: 15    XL:     3   Next: 25%
Magic:  3/3        EV: 13    Int:  9    God:
Gold:   149        SH:  0    Dex: 14    Spells: 2/2 levels left

rFire    . . .     SeeInvis .   a - +0 long sword
rCold    . . .     Gourm    .   (no shield)
rNeg     . . .     Faith    .   b - +0 leather armour
rPois    .         Spirit   .   c - +0 helmet
rElec    .         Reflect  .   (no cloak)
rCorr    .         Harm     .   (no gloves)
MR       .....                  (no boots)
Stlth    +.........             (no amulet)
HPRegen  0.09/turn              (no ring)
MPRegen  0.08/turn              (no ring)

@: confused
A: powered by pain 2
a: no special abilities


You were on level 3 of the Dungeon.
You were hungry.

You visited 1 branch of the dungeon, and saw 3 of its levels.

You collected 149 gold pieces.

Inventory:

Hand Weapons
 a - a +0 long sword (weapon)
Missiles
 d - 3 throwing nets (quivered)
Armour
 b - a +0 leather armour (worn)
 c - a +0 helmet (worn)
Scrolls
 e - a scroll of fear {unknown}
 h - 2 scrolls of magic mapping {unknown}
 j - a scroll of identify {unknown}
 n - a scroll of teleportation {unknown}
 o - a scroll of remove curse {unknown}
Potions
 g - a potion of lignification {unknown}
 i - a potion of haste {unknown}
 l - a potion of flight {unknown}
 m - 2 potions of heal wounds {unknown}
Comestibles
 f - 6 rations


   Skills:
 + Level 2.0 Fighting
 + Level 3.4 Long Blades
 + Level 1.9 Throwing
 + Level 0.3 Armour
 + Level 3.0 Dodging
 + Level 0.2 Stealth


You had 2 spell levels left.
You didn't know any spells.
Your spell library was empty.

Dungeon Overview and Level Annotations

Branches:
Dungeon (3/15)

Altars:
Elyvilon
Ru


Innate Abilities, Weirdness & Mutations

You sometimes gain power by taking damage.


Message History

The orc closely misses you.
You riposte.
You closely miss the orc.
The orc is lightly wounded.
Something hits you but does no damage.
You hit the orc.
The orc is heavily wounded.
The orc closely misses you. Something hits you but does no damage.
You hit the orc but do no damage.
The orc is heavily wounded.
A kobold comes into view.
The orc hits you but does no damage.
You hear some strange, mumbled words.
You are confused.
You bump into the rock wall.
The kobold shouts!
The orc closely misses you. Something hits you but does no damage.
You're too confused to move!
The orc completely misses you.
You hear some strange, mumbled words.
A puff of flame appears from out of thin air!
The puff of flame hits you!
You die...

### .. #<# ..##.# #.#
....#.. #.# ......#.## #.#
..........# #.#
..........###.##########.#
............(..@o.)...(.>#
?...............{.....%....
..........K..........######
.....................#
.....................#
.......$.............#
............#..........
.....................#.#
..........#..##.######.#


You could see an orc and a kobold.

Vanquished Creatures
  3 leopard geckos
  An orc (D:3)
  5 bats
  A giant cockroach (D:1)
  8 goblins
  2 hobgoblins
  2 ball pythons
  2 frilled lizards (D:1)
  6 kobolds
  3 rats
33 creatures vanquished.

Notes
Turn   | Place    | Note
-------+----------+-------------------------------------------
     0 | D:1      | RaKsO24 the Demonspawn Gladiator began the quest for the Orb.
     0 | D:1      | Reached XP level 1. HP: 16/16 MP: 1/1
   111 | D:1      | Gained mutation: You sometimes gain a little power by taking damage. [demonic ancestry]
   111 | D:1      | Reached XP level 2. HP: 9/22 MP: 2/2
   788 | D:2      | Gained mutation: You sometimes gain power by taking damage. [demonic ancestry]
   788 | D:2      | Reached XP level 3. HP: 17/27 MP: 3/3
   936 | D:2      | Found a white marble altar of Elyvilon.
   999 | D:2      | Found a sacrificial altar of Ru.
  1487 | D:3      | Killed from afar by an orc wizard

Skill      XL: |  1  2 |
---------------+-------+-----
Long Blades    | 3 |  3.4
Dodging        | 3 |  3.0
Fighting       | |  2.0
Throwing       | |  1.9
Armour         | |  0.3
Stealth        | |  0.2

Action                   || total
-------------------------++-------
Melee: Long sword        ||    73
 Stab: Sleeping          ||     1
  Eat: Chunk             ||     1
Armor: Leather armour    ||    24
Dodge: Dodged            ||    80
       Rpst.: Long sword ||    20
